 Dungeon Crawl Stone Soup version 0.19-a0-1866-ge6f2195 (webtiles) character file.

415596 zarick13 the Executioner (level 23, 0/222 HPs)
             Began as a Hill Orc Berserker on Oct 12, 2016.
             Was the Champion of Trog.
             Slain by a vault warden
             ... wielding a +4 war axe of chopping
              (3 damage)
             ... on level 5 of the Vaults.
             The game lasted 02:17:53 (41782 turns).

zarick13 the Executioner (Hill Orc Berserker)      Turns: 41782, Time: 02:17:55

Health: 0/222      AC: 26    Str: 29    XL:     23   Next: 60%
Magic:  33/33      EV: 16    Int:  7    God:    Trog [******]
Gold:   3915       SH:  0    Dex: 11    Spells: 0 memorised, 22 levels left

rFire  + + .     SeeInvis +     W - +11 executioner's axe of Pestilence {flame, Fragile rF+ rN++ MR+}
rCold  + + .     Gourm    .     x - +5 ring mail of Insatiable Hunger {rElec rC+ Dex-5 Slay+3}
rNeg   + + +     Faith    .     (shield currently unavailable)
rPois  .         Spirit   .     t - +2 helmet
rElec  +         Dismiss  .     y - +2 cloak of the Thief {+Fog Slay-2 SInv Stlth+}
rCorr  .         Reflect  .     n - +2 pair of gloves {Str+3}
MR     ++...     Harm     .     u - +0 pair of boots
Stlth  ++........               k - amulet of regeneration
                                Y - ring of Qiajeoc {rF+ rN+}
                                r - +3 ring of slaying

@: very slightly contaminated
A: cold resistance 1, strong 1
a: Berserk, Trog's Hand, Brothers in Arms, Burn Spellbooks, Renounce Religion,
Evoke Fog
}: 2/15 runes: serpentine, barnacled


You were on level 5 of the Vaults.
You worshipped Trog.
Trog was exalted by your worship.
You were not hungry.

You visited 7 branches of the dungeon, and saw 39 of its levels.
You also visited: Ice Cave and Wizlab.

You collected 5599 gold pieces.
You spent 1684 gold pieces at shops.


Innate Abilities, Weirdness & Mutations

Your flesh is cold resistant. (rC+)
Your muscles are strong. (Str +2)


   Skills:
 + Level 21.7 Fighting
 - Level 25.1(26.2) Axes
   Level 13.3(19.0) Maces & Flails
 - Level 15.4 Throwing
 - Level 15.0 Armour
 - Level 10.0 Dodging
 - Level 13.6 Evocations


You had 22 spell levels left.
You didn't know any spells.

Inventory:

Hand Weapons
 W - the +11 executioner's axe of Pestilence (weapon) {flame, Fragile rF+ rN++ MR+}

   It has been specially enchanted to burn those struck by it, causing extra
   injury to most foes and up to half again as much damage against particularly
   susceptible opponents.
   Big, fiery blades are also staple armaments of hydra-hunters.
   It protects you from fire.
   It greatly protects you from negative energy.
   It affects your resistance to hostile enchantments.
   It will be destroyed if unequipped.
Missiles
 A - 7 steel javelins
 E - 8 throwing nets {=f}
 H - 5 javelins of returning
 I - 20 javelins (quivered)
 J - 26 silver javelins
 M - 46 javelins of penetration
 N - 7 poisoned javelins
Armour
 n - a +2 pair of gloves of strength (worn)
 t - a +2 helmet (worn)
 u - a +0 pair of boots (worn)
 x - the +5 ring mail of Insatiable Hunger (worn) {rElec rC+ Dex-5 Slay+3}

   It affects your dexterity (-5).
   It affects your accuracy and damage with ranged weapons and melee attacks
   (+3).
   It protects you from cold.
   It insulates you from electricity.
 y - the +2 cloak of the Thief (worn) {+Fog Slay-2 SInv Stlth+}

   It affects your accuracy and damage with ranged weapons and melee attacks
   (-2).
   It lets you see invisible.
   It can be evoked to emit clouds of fog.
   It makes you more stealthy.
 K - the +1 chain mail of Pyubbaom {rPois Regen+}

   It protects you from poison.
   It increases your rate of regeneration.
Jewellery
 k - an amulet of regeneration (around neck)
 r - a +3 ring of slaying (left hand)
 B - the ring of Sabyph {rCorr Dex+3}

   [ring of resist corrosion]

   It affects your dexterity (+3).
 C - an uncursed ring of protection from magic
 Q - the ring of Birdsong {+Fly rElec rPois rC- Stlth+}

   [ring of flight]

   It makes you vulnerable to cold.
   It insulates you from electricity.
   It protects you from poison.
   It lets you fly.
   It makes you more stealthy.
 R - an uncursed ring of protection from cold
 X - an uncursed ring of flight
 Y - the ring of Qiajeoc (right hand) {rF+ rN+}

   [ring of positive energy]

   It protects you from fire.
   It protects you from negative energy.
Wands
 b - a wand of teleportation (4/9) {!d@v4}
 v - a wand of heal wounds (3/9) {!d@v2}
 D - a wand of digging (10/24)
Scrolls
 a - 5 scrolls of identify {@r1}
 e - 15 scrolls of remove curse
 j - a scroll of blinking
 m - a scroll of enchant armour
 s - 5 scrolls of enchant weapon
 z - 4 scrolls of magic mapping
 F - 4 scrolls of fear
 G - 2 scrolls of fog
 L - 2 scrolls of summoning
 S - 14 scrolls of teleportation {@r4}
 T - 4 scrolls of immolation {!r}
 U - 6 scrolls of recharging
 V - 2 scrolls of holy word
Potions
 d - a potion of cure mutation
 f - 6 potions of agility
 h - 6 potions of curing {@q1}
 i - 4 potions of cancellation
 l - 2 potions of berserk rage {!q}
 o - 2 potions of invisibility
 p - 4 potions of heal wounds {@q2}
 q - 4 potions of might
 w - 2 potions of resistance
 P - a potion of haste {@q3}
Miscellaneous
 O - a phantom mirror
Comestibles
 c - 8 bread rations
 g - 10 meat rations

Dungeon Overview and Level Annotations

Branches:
Dungeon (15/15)            Temple (0/1) D:4            Lair (6/6) D:9
 Shoals (4/4) Lair:3        Snake (4/4) Lair:2        Slime (0/5) Lair:5
    Orc (2/2) D:12            Elf (3/3) Orc:2        Vaults (5/5) D:14
  Crypt (0/3) Vaults:2     Depths (0/5) D:15

Altars:
Ashenzari
Cheibriados
Fedhas
Hepliaklqana
Kikubaaqudgha
Makhleb
Nemelex Xobeh
Qazlal
Ru
Sif Muna
Uskayaw
Vehumet
Xom
Yredelemnul
The Shining One
Beogh
Jiyva
Lugonu

Shops:
D:5 =([?   D:15 *   Orc:2 !*(}[   Snake:3 %*%[   Snake:4 (   Vaults:2 [
Vaults:3 %:}=

Annotations:
Shoals:3 exclusion: Roxanne, Roxanne
Shoals:4 Ilsuiw

################
...............
............
#######........##
........oS......#
.#.###C#.o..#..
#.)(@p#....#
#.###o#..(.# ...
.O#....# ###.
#O#o...# ..
#.#.)..# #.
#.#.)..# ..
..#.)..# #.
.#.().# #)(..#


You could see a stone giant, a vault warden, an orc knight, an ogre mage, a
shock serpent (wandering), an orc warrior and an ogre.


Message History

The ogre shouts!
The vault warden hits you with a war axe of chopping!
* * * LOW HITPOINT WARNING * * *
x2 The stone giant barely misses you.
The orc moves out of view.
The orc knight hits you with a bardiche.
* * * LOW HITPOINT WARNING * * *
An orc warrior comes into view. It is wielding a trident.
Items here: ) ? [ † a great sword of slicing; a shiny ring mail; a scroll of identify {@r1} a human corpse You open the vault warden like a pillowcase!!!
You burn the vault warden!
The vault warden is severely wounded.
You slice the stone giant!! You burn the stone giant! You slash the orc knight!
You burn the orc knight.
You hear an angry hiss.
You hear two shouts!
You hear a shout!
The stone giant hits you!!
* * * LOW HITPOINT WARNING * * *
The vault warden hits you with a war axe of chopping!
* * * LOW HITPOINT WARNING * * *
x2 The orc warrior closely misses you.
You feel much better.
The ogre mage hits you but does no damage.
The stone giant misses you.
The orc knight roars a battlecry!
The orc warrior goes into a battle-frenzy!
The orc warrior misses you.
The vault warden hits you with a war axe of chopping!!
* * * LOW HITPOINT WARNING * * *
You die...

Action                   |  1- 3 |  4- 6 |  7- 9 | 10-12 | 13-15 | 16-18 | 19-21 | 22-24 || total
-------------------------+-------+-------+-------+-------+-------+-------+-------+-------++-------
Melee: Hand axe          |   150 |   102 |       |       |       |       |       |       ||   252
       Flail             |       |    25 |   207 |   152 |    12 |       |       |       ||   396
       Battleaxe         |       |       |       |   299 |   487 |       |       |       ||   786
       Executioner's axe |       |       |       |       |   390 |   864 |   945 |   432 ||  2631
Throw: Throwing net      |       |       |       |       |       |     1 |       |       ||     1
       Javelin           |       |       |       |       |       |       |    33 |    19 ||    52
Invok: Berserk           |     1 |     3 |     4 |     9 |    13 |     8 |    10 |     1 ||    49
       Trog's Hand       |     1 |     1 |       |     4 |     9 |    16 |    10 |     7 ||    48
       Brothers in Arms  |       |       |       |       |       |       |     2 |     1 ||     3
Evoke: Wand              |       |       |       |       |     2 |     4 |     3 |       ||     9
  Use: Scroll            |     6 |     3 |     2 |    15 |    14 |     8 |    10 |     3 ||    61
       Potion            |       |       |       |     1 |     3 |     5 |     8 |     2 ||    19
 Stab: Invisible         |       |       |       |       |       |     3 |     2 |       ||     5
       Distracted        |       |       |       |       |       |       |     1 |     1 ||     2
  Eat: Chunk             |     3 |     7 |     7 |    22 |    35 |    19 |    20 |    12 ||   125
       Bread ration      |     1 |       |       |     1 |     4 |     5 |     2 |       ||    13
       Meat ration       |       |       |     1 |       |       |       |     2 |     1 ||     4
       Royal jelly       |       |       |       |     1 |     1 |       |       |     1 ||     3
       Pizza             |       |       |       |       |       |       |     1 |       ||     1
Armor: Animal skin       |     8 |       |       |       |       |       |       |       ||     8
       Leather armour    |    11 |     4 |     6 |       |       |       |       |       ||    21
       Ring mail         |     6 |    34 |    66 |    70 |   223 |   151 |   291 |   159 ||  1000
       Chain mail        |       |       |       |   173 |   167 |   272 |    68 |       ||   680
       Scale mail        |       |       |       |       |       |       |     1 |       ||     1
Dodge: Dodged            |    87 |    52 |    93 |   235 |   521 |   489 |   468 |   207 ||  2152
Block: Other             |    11 |    13 |    19 |    42 |    82 |       |       |       ||   167
       Reflection        |       |       |       |     2 |       |       |       |       ||     2

Vault maps used:
D:1:      minmay_arrival_glassed_features, minmay_split_cup_small
D:2:      lemuel_doored_altar, nicolae_overflow_crystal_walls,
          nicolae_ru_the_path_less_chosen
D:4:      cheibrodos_ashenzari_chains, overflow_temple_1_default, first_bread
D:5:      lemuel_insect_pit, serial_shops, kennysheep_little_box,
          nicolae_shop_window_shopping, shop, shop_statue, basic_altar
D:6:      kennysheep_housing_project, grunt_temple_overflow_open,
          kennysheep_mini_moat, corexii_leaking_fountain
D:7:      grunt_ogre_cave
D:8:      fedhas_bush_and_centaur_altar, uniq_grum
D:9:      erik_lair_orcish_takeover
D:10:     kennysheep_kobold_lugonu_temple, nicolae_tso_swordbearing_angel
D:12:     zombieorc2_lemuel, uniq_nergalle
D:14:     david_vaults_4
D:15:     gammafunk_enter_depths_forms, serial_shops,
          nicolae_shop_temple_entry_statues_fountains, minmay_misc_feat_x
Lair:1:   beast_lair_carwin_large_4, lemuel_fruit_tree
Lair:2:   minmay_snake_entry_guardpost_small, bobbens_dragon_lair_wall,
          grunt_megastairs_2, uniq_gastronok, uniq_urug, uniq_sonja
Lair:3:   elwin_shoals_entry_rooms, portal_ice_cave_demonic_guard,
          lemuel_fruit_fields
Lair:5:   slime_altar_1, grunt_megastairs_4, serial_bayou_shore_a
Lair:6:   minmay_lair_end_enchanted_forest, infiniplex_staircase_pool_2,
          uniq_snorg
Shoals:3: uniq_roxanne
Shoals:4: shoals_end_hangedman, shoal_ilsuiw
Snake:1:  uniq_nikola
Snake:2:  uniq_jorgrun, uniq_saint_roka, uniq_vashnia
Snake:3:  minmay_shoptagon, serial_bayou_shore_b
Snake:4:  grunt_snake_rune_pools, serial_shops, shop_fountains,
          nicolae_snake_single_loop
Orc:2:    st_orc_ogre_mass, serial_shops, shop, mines3_lemuel
Elf:1:    eino_elf_arrival_altar, minmay_elf_annihilation, uniq_agnes
Elf:2:    infiniplex_enter_wizlab_water, st_stairs_7
Elf:3:    minmay_elf_hall_quartered_circle
Vaults:1: nicolae_vaults_three_branches, v_misc_4, ontoclasm_vaults_gallery,
          grunt_vaults_bifocal, v_alt_pattern_6,
          nicolae_vaults_little_squares_3, v_misc_18, vaults_mumra_hex,
          grunt_vaults_swirl, vaults_dpeg_diagonal, grunt_vaults_diagonal,
          vaults_room_ringed_pool, ontoclasm_vaults_tryst,
          ontoclasm_vaults_decontamination
Vaults:2: vaults_room_hangedman_quadrants, vaults_room_boxed,
          nicolae_vaults_circle_grid_b, nicolae_vaults_little_squares_2,
          minmay_crypt_entry_necro_gods, hangedman_vaults_variations,
          nicolae_vaults_windows_and_doors_thing, v_misc_33,
          vaults_mumra_minichess, vaults_dpeg_encased_lava, v_misc_1,
          vaults_mumra_chevron, vaults_room_hallway,
          vaults_room_mumra_shop_pool, uniq_asterion
Vaults:3: nicolae_vaults_angled_halls, hangedman_vaults_corner_blocks,
          special_room_vaults, dpeg_vaults_monster_row, hangedman_vaults_trim,
          v_misc_11, vaults_room_grunt_arrival_ludios,
          nicolae_vaults_sealed_display, serial_shops, nicolae_shop_waterfront,
          nicolae_shop_crystal, shop, shop
Vaults:4: kb_rosetta, nicolae_vaults_what_the_h, nicolae_vaults_alarming,
          grunt_vaults_hallway_short, v_alt_pattern_2, v_pattern_2, v_misc_15,
          ontoclasm_vaults_gateway, v_misc_26, vaults_room_grid,
          hangedman_vaults_locks, v_misc_22, nicolae_vaults_angled_halls
Vaults:5: serial_shops, uniq_frederick
IceCv:    ice_cave_small_dragons
WizLab:   wizlab_wucad

Notes
Turn   | Place    | Note
-------+----------+-------------------------------------------
     0 | D:1      | zarick13 the Hill Orc Berserker began the quest for the Orb.
     0 | D:1      | Reached XP level 1. HP: 19/19 MP: 1/1
   189 | D:1      | Reached XP level 2. HP: 25/26 MP: 2/2
   435 | D:1      | Reached skill level 5 in Axes
   750 | D:1      | Reached ** piety under Trog
   750 | D:1      | Reached XP level 3. HP: 23/31 MP: 3/3
  1079 | D:2      | Found an ancient bone altar of Kikubaaqudgha.
  1556 | D:2      | Found a deep blue altar of Sif Muna.
  1590 | D:2      | Reached skill level 6 in Axes
  2137 | D:2      | Found a sacrificial altar of Ru.
  2377 | D:3      | Reached XP level 4. HP: 37/39 MP: 4/4
  2850 | D:3      | Reached skill level 7 in Axes
  2930 | D:3      | Reached XP level 5. HP: 42/45 MP: 5/5
  2998 | D:3      | Reached *** piety under Trog
  3032 | D:3      | Reached skill level 8 in Axes
  3355 | D:4      | Found a shattered altar of Ashenzari.
  3437 | D:4      | Got a steaming flail
  3438 | D:4      | Identified the +11 flail "Hydraslayer" {venom, rElec Int+8 Dex-3} (You found it on level 4 of the Dungeon)
  3446 | D:4      | Found a staircase to the Ecumenical Temple.
  3512 | D:4      | Found a snail-covered altar of Cheibriados.
  3551 | D:4      | Reached XP level 6. HP: 36/51 MP: 6/6
  3717 | D:4      | Noticed a phantom
  3727 | D:4      | Killed a phantom
  3727 | D:4      | Reached skill level 9 in Axes
  3858 | D:4      | Reached skill level 10 in Axes
  3858 | D:4      | Reached XP level 7. HP: 57/57 MP: 7/7
  4183 | D:4      | Reached skill level 11 in Axes
  4341 | D:5      | Entered Level 5 of the Dungeon
  4469 | D:5      | Reached XP level 8. HP: 60/64 MP: 8/8
  4562 | D:5      | Found Anox's Magic Scroll Emporium.
  4570 | D:5      | Bought a scroll of enchant weapon for 75 gold pieces
  4668 | D:5      | Found Vochos's Armour Boutique.
  4703 | D:5      | Reached skill level 12 in Axes
  4729 | D:5      | Found a shimmering altar of Xom.
  4864 | D:5      | Found a runed door.
  4907 | D:5      | Found Wigekh's Antique Weapon Shoppe.
  4911 | D:5      | Got a smoking ring mail
  4922 | D:5      | Identified the +5 ring mail of Insatiable Hunger {rElec rC+ Dex-5 Slay+3} (You found it on level 5 of the Dungeon)
  5052 | D:5      | Reached **** piety under Trog
  5057 | D:5      | Found a runed door.
  5060 | D:5      | Reached skill level 1 in Maces & Flails
  5067 | D:5      | Reached skill level 2 in Maces & Flails
  5081 | D:5      | Reached skill level 3 in Maces & Flails
  5180 | D:5      | Found Tuopp's Jewellery Boutique.
  5231 | D:6      | Reached skill level 4 in Maces & Flails
  5242 | D:6      | Reached skill level 5 in Maces & Flails
  5269 | D:6      | Reached skill level 6 in Maces & Flails
  5430 | D:6      | Found a sacrificial altar of Ru.
  5436 | D:6      | Found a radiant altar of Vehumet.
  5437 | D:6      | Found a burning altar of Makhleb.
  5437 | D:6      | Found a sparkling altar of Nemelex Xobeh.
  5437 | D:6      | Found a stormy altar of Qazlal.
  5437 | D:6      | Found a hazy altar of Hepliaklqana.
  5654 | D:6      | Reached XP level 9. HP: 70/70 MP: 9/9
  5679 | D:6      | Reached skill level 7 in Maces & Flails
  5686 | D:6      | Noticed scalarboson's ghost (novice MiFi)
  5701 | D:6      | Reached skill level 8 in Maces & Flails
  5709 | D:6      | Killed scalarboson's ghost
  5714 | D:6      | Reached skill level 9 in Maces & Flails
  5797 | D:6      | Reached ***** piety under Trog
  5970 | D:6      | Reached skill level 10 in Maces & Flails
  6041 | D:6      | Found a hide-covered altar of Uskayaw.
  6394 | D:7      | Reached skill level 11 in Maces & Flails
  6394 | D:7      | Reached XP level 10. HP: 77/77 MP: 10/10
  6961 | D:8      | Noticed Grum
  6968 | D:8      | Killed Grum
  6968 | D:8      | Reached skill level 12 in Maces & Flails
  7198 | D:8      | Found a blossoming altar of Fedhas.
  7629 | D:9      | Reached skill level 13 in Maces & Flails
  7638 | D:9      | Received a gift from Trog
  7738 | D:9      | Got a twisted chain mail
  7749 | D:9      | Identified the +1 chain mail of Pyubbaom {rPois Regen+} (You found it on level 9 of the Dungeon)
  7914 | D:9      | Found a staircase to the Lair.
  8363 | D:9      | Reached skill level 13 in Axes
  8445 | D:5      | Bought a +0 cloak of magic resistance for 126 gold pieces
  8548 | Lair:1   | Entered Level 1 of the Lair of Beasts
  8580 | Lair:1   | Reached XP level 11. HP: 59/82 MP: 3/11
  8636 | Lair:1   | Reached skill level 4 in Fighting
  8646 | Lair:1   | Reached skill level 5 in Fighting
  8653 | Lair:1   | Reached skill level 6 in Fighting
  8667 | Lair:1   | Reached skill level 7 in Fighting
  8930 | Lair:1   | Reached skill level 8 in Fighting
  8980 | Lair:1   | Reached skill level 9 in Fighting
  9148 | Lair:1   | Reached skill level 3 in Armour
  9508 | Lair:1   | Reached skill level 4 in Armour
  9703 | Lair:2   | Reached skill level 5 in Armour
  9763 | Lair:2   | Reached skill level 6 in Armour
  9788 | Lair:2   | Reached skill level 7 in Armour
  9852 | Lair:2   | Reached XP level 12. HP: 88/104 MP: 4/12
  9859 | Lair:2   | Reached skill level 8 in Armour
  9944 | Lair:2   | Noticed Urug
  9970 | Lair:2   | Killed Urug
  9970 | Lair:2   | Reached skill level 9 in Armour
  9971 | Lair:2   | Noticed Gastronok
  9983 | Lair:2   | Found a staircase to the Snake Pit.
 10105 | Lair:2   | Noticed Sonja
 10121 | Lair:2   | Killed Sonja
 10180 | Lair:2   | Reached skill level 10 in Armour
 10270 | Lair:2   | Noticed a five-headed hydra
 10282 | Lair:2   | Killed a five-headed hydra
 10650 | Lair:2   | Killed Gastronok
 10650 | Lair:2   | Reached skill level 11 in Armour
 10842 | Lair:3   | Noticed a six-headed hydra
 10845 | Lair:3   | Reached skill level 12 in Armour
 10891 | Lair:3   | Killed a six-headed hydra
 11114 | Lair:3   | Found a frozen archway.
 11136 | IceCv    | Entered an ice cave
 11201 | IceCv    | Reached skill level 13 in Armour
 11204 | IceCv    | Reached XP level 13. HP: 81/111 MP: 4/13
 11205 | IceCv    | Received a gift from Trog
 11386 | IceCv    | Noticed an ice dragon
 11387 | IceCv    | Noticed an ice dragon
 11394 | IceCv    | Killed an ice dragon
 11402 | IceCv    | Killed an ice dragon
 11402 | IceCv    | Reached skill level 14 in Armour
 11541 | IceCv    | Got a clouded glass ring
 11702 | IceCv    | Identified the ring of Qiajeoc {rF+ rN+} (You found it in an ice cave)
 12167 | Lair:3   | Found a staircase to the Shoals.
 12672 | Lair:4   | Reached skill level 15 in Armour
 12750 | Lair:4   | Reached skill level 2 in Dodging
 12998 | Lair:4   | Got a brightly glowing scale mail
 13013 | Lair:4   | Identified the +5 scale mail of the Old World {rC- MR++ Int+3 Slay+2} (You found it on level 4 of the Lair of Beasts)
 13147 | Lair:4   | Reached skill level 3 in Dodging
 13220 | Lair:5   | Found a staircase to the Slime Pits.
 13220 | Lair:5   | Found a viscous altar of Jiyva.
 13251 | Lair:5   | Gained mutation: Your muscles are strong. (Str +2) [potion of beneficial mutation]
 13252 | Lair:5   | Gained mutation: Your flesh is cold resistant. (rC+) [potion of beneficial mutation]
 13341 | Lair:5   | Reached skill level 4 in Dodging
 13716 | Lair:5   | Received a gift from Trog
 13716 | Lair:5   | Reached skill level 5 in Dodging
 13900 | Lair:5   | Reached skill level 6 in Dodging
 14180 | Lair:6   | Entered Level 6 of the Lair of Beasts
 14195 | Lair:6   | Got a pitted war axe
 14266 | Lair:6   | Identified the cursed +1 war axe "Doijug" {chop, Str+4 Dex+5} (You found it on level 6 of the Lair of Beasts)
 14274 | Lair:6   | Reached XP level 14. HP: 113/118 MP: 4/14
 14391 | Lair:6   | Reached skill level 7 in Dodging
 14446 | Lair:6   | Noticed Snorg
 14462 | Lair:6   | Killed Snorg
 14465 | Lair:6   | Reached skill level 10 in Fighting
 14680 | Lair:6   | Reached skill level 11 in Fighting
 15006 | Lair:6   | Reached skill level 14 in Axes
 15731 | D:10     | Entered Level 10 of the Dungeon
 15802 | D:10     | Reached ****** piety under Trog
 15802 | D:10     | Reached skill level 15 in Axes
 15953 | D:10     | Found a glowing golden altar of the Shining One.
 16021 | D:10     | Found a corrupted altar of Lugonu.
 16681 | D:11     | Received a gift from Trog
 16686 | D:11     | Got an ebony executioner's axe {god gift}
 16687 | D:11     | Identified the +11 executioner's axe of Pestilence {flame, Fragile rF+ rN++ MR+} (Trog gifted it to you on level 11 of the Dungeon)
 16870 | D:12     | Noticed Nergalle
 16883 | D:12     | Killed Nergalle
 16923 | D:12     | Reached skill level 16 in Axes
 17052 | D:12     | Found a staircase to the Orcish Mines.
 17699 | Orc:1    | Entered Level 1 of the Orcish Mines
 17867 | Orc:2    | Entered Level 2 of the Orcish Mines
 17867 | Orc:2    | Found a staircase to the Elven Halls.
 18147 | Orc:2    | Found Votize's Antique Armour Boutique.
 18299 | Orc:2    | Found Abudoxuyc's General Store.
 18299 | Orc:2    | Found Wilatej's Distillery.
 18300 | Orc:2    | Found Unej's Gadget Emporium.
 18300 | Orc:2    | Found Disaf's Antique Weapon Boutique.
 18306 | Orc:2    | Reached skill level 17 in Axes
 18311 | Orc:2    | Reached XP level 15. HP: 129/129 MP: 15/15
 18313 | Orc:2    | Received a gift from Trog
 18335 | Orc:2    | Reached skill level 18 in Axes
 18396 | Orc:2    | Bought a wand of teleportation (4/9) for 432 gold pieces
 18398 | Orc:2    | Bought a potion of mutation for 40 gold pieces
 18400 | Orc:2    | Bought a scroll of identify for 22 gold pieces
 18400 | Orc:2    | Identified a potion of resistance
 19199 | D:5      | Bought an uncursed amulet of regeneration for 390 gold pieces
 19357 | Shoals:1 | Entered Level 1 of the Shoals
 19386 | Shoals:1 | Reached skill level 1 in Throwing
 19517 | Shoals:1 | Reached skill level 2 in Throwing
 19774 | Shoals:1 | Reached skill level 3 in Throwing
 19927 | Shoals:1 | Received a gift from Trog
 20057 | Shoals:2 | Reached skill level 4 in Throwing
 20528 | Shoals:2 | Reached skill level 19 in Axes
 20813 | Shoals:2 | Received a gift from Trog
 20902 | Shoals:2 | Identified a wand of heal wounds
 20922 | Shoals:2 | Noticed Djon's ghost (adept HOFi)
 20937 | Shoals:2 | Killed Djon's ghost
 20937 | Shoals:2 | Reached skill level 20 in Axes
 21161 | Shoals:3 | Noticed Roxanne
 21407 | Shoals:3 | Reached XP level 16. HP: 137/137 MP: 16/16
 21916 | Shoals:3 | Reached skill level 21 in Axes
 22074 | Shoals:3 | Received a gift from Trog
 22125 | Shoals:4 | Entered Level 4 of the Shoals
 22125 | Shoals:4 | Noticed Ilsuiw
 22548 | Shoals:4 | Reached skill level 22 in Axes
 22881 | Shoals:4 | HP: 5/137 [siren/spear (14)]
 23325 | Shoals:4 | Got a spiked ring mail
 23338 | Shoals:4 | Identified the cursed +1 ring mail of Illat {-Cast Regen+ Int+6 Stlth+} (You took it off a merfolk on level 4 of the Shoals)
 23378 | Shoals:4 | Got a barnacled rune of Zot
 23675 | D:13     | Reached skill level 23 in Axes
 23781 | D:13     | Noticed beep's ghost (journeyman SpEn)
 23798 | D:13     | Killed beep's ghost
 24499 | D:14     | Received a gift from Trog
 24517 | D:14     | Found a gate to the Vaults.
 25112 | D:15     | Entered Level 15 of the Dungeon
 25180 | D:15     | Reached XP level 17. HP: 144/144 MP: 17/17
 25300 | D:15     | Found Yptienic's General Store.
 25457 | D:15     | Reached skill level 24 in Axes
 25854 | D:15     | Received a gift from Trog
 25946 | D:15     | Found a staircase to the Depths.
 26253 | Snake:1  | Entered Level 1 of the Snake Pit
 26458 | Snake:1  | Noticed Nikola
 26475 | Snake:1  | Killed Nikola
 26475 | Snake:1  | Reached skill level 25 in Axes
 27142 | Snake:2  | Reached skill level 12 in Fighting
 27342 | Snake:2  | Noticed Vashnia
 27599 | Snake:2  | Noticed Jorgrun
 27615 | Snake:2  | Killed Jorgrun
 27615 | Snake:2  | Reached skill level 13 in Fighting
 27740 | Snake:2  | Killed Vashnia
 27740 | Snake:2  | Received a gift from Trog
 27740 | Snake:2  | Reached XP level 18. HP: 157/157 MP: 18/18
 27752 | Snake:2  | Reached skill level 8 in Dodging
 27837 | Snake:2  | Noticed Saint Roka
 27872 | Snake:2  | Killed Saint Roka
 27973 | Snake:3  | Reached skill level 9 in Dodging
 28309 | Snake:3  | Found Siduoghy's Assorted Antiques.
 28310 | Snake:3  | Found Yffoth's Armour Emporium.
 28310 | Snake:3  | Found Tepsi's Food Shoppe.
 28313 | Snake:3  | Found Fyecsudd's Food Emporium.
 28463 | Snake:3  | Received a gift from Trog
 28607 | Snake:3  | Reached skill level 10 in Dodging
 28879 | Snake:3  | Received a gift from Trog
 29061 | Snake:4  | Entered Level 4 of the Snake Pit
 29138 | Snake:4  | Reached skill level 14 in Fighting
 29316 | Snake:4  | Reached skill level 15 in Fighting
 29569 | Snake:4  | Reached skill level 5 in Throwing
 29648 | Snake:4  | Reached skill level 6 in Throwing
 29699 | Snake:4  | Received a gift from Trog
 29699 | Snake:4  | Reached XP level 19. HP: 170/170 MP: 19/19
 29756 | Snake:4  | Reached skill level 7 in Throwing
 29877 | Snake:4  | Got a serpentine rune of Zot
 30164 | Snake:4  | Reached skill level 8 in Throwing
 30249 | Snake:4  | Received a gift from Trog
 30354 | Snake:4  | Found Resuethro's Antique Weapon Shop.
 30443 | Snake:4  | Reached skill level 9 in Throwing
 31131 | Elf:1    | Entered Level 1 of the Elven Halls
 31161 | Elf:1    | Found a radiant altar of Vehumet.
 31266 | Elf:1    | Noticed Agnes
 31272 | Elf:1    | Killed Agnes
 31276 | Elf:1    | Reached skill level 10 in Throwing
 31355 | Elf:1    | Identified the Disquisition on Battle Magic
 31445 | Elf:1    | Received a gift from Trog
 31690 | Elf:1    | Received a gift from Trog
 32165 | Elf:2    | Reached skill level 11 in Throwing
 32217 | Elf:2    | Found a magical portal.
 32288 | Elf:2    | Received a gift from Trog
 32444 | WizLab   | Entered Wucad Mu's Monastery
 32671 | Elf:2    | Reached skill level 12 in Throwing
 32890 | Elf:2    | Found a runed gate.
 32897 | Elf:2    | Found a runed gate.
 32897 | Elf:2    | Found a runed gate.
 33072 | Elf:2    | Received a gift from Trog
 33125 | Elf:2    | Reached XP level 20. HP: 168/178 MP: 20/20
 33235 | Elf:2    | Reached skill level 13 in Throwing
 33401 | Elf:2    | Received a gift from Trog
 33661 | Elf:3    | Entered Level 3 of the Elven Halls
 33665 | Elf:3    | Received a gift from Trog
 34007 | Elf:3    | Received a gift from Trog
 34007 | Elf:3    | Reached skill level 14 in Throwing
 34032 | Elf:3    | Received a gift from Trog
 34048 | Elf:3    | Noticed a Brimstone Fiend
 34071 | Elf:3    | Received a gift from Trog
 34340 | Elf:3    | Reached skill level 15 in Throwing
 34659 | Elf:3    | Noticed a Brimstone Fiend
 34795 | Elf:3    | Identified Oxurid's Papyrus of Creative Stolen Souls
 34817 | Elf:3    | Reached skill level 1 in Evocations
 34825 | Elf:3    | Reached skill level 2 in Evocations
 34827 | Elf:3    | Got a steaming plate armour
 34828 | Elf:3    | Identified the +2 plate armour "Rezah" {rF+ rCorr Str-3} (You found it on level 3 of the Elven Halls)
 34852 | Elf:3    | Identified the Almanac of Excruciating Dislocation
 35064 | Elf:3    | Reached skill level 3 in Evocations
 35301 | Vaults:1 | Entered Level 1 of the Vaults
 35357 | Vaults:1 | Reached skill level 4 in Evocations
 35568 | Vaults:1 | Received a gift from Trog
 35613 | Vaults:1 | Got a pitted platinum ring
 35614 | Vaults:1 | Identified the ring of Birdsong {+Fly rElec rPois rC- Stlth+} (You found it on level 1 of the Vaults)
 35646 | Vaults:1 | Reached XP level 21. HP: 110/184 MP: 24/24
 35650 | Vaults:1 | Reached skill level 5 in Evocations
 35673 | Vaults:1 | Received a gift from Trog
 35964 | Vaults:1 | Reached skill level 6 in Evocations
 36213 | Vaults:1 | Reached skill level 7 in Evocations
 36571 | Vaults:1 | Reached skill level 8 in Evocations
 36779 | Vaults:2 | Noticed Asterion
 36789 | Vaults:2 | Killed Asterion
 36793 | Vaults:2 | Reached skill level 9 in Evocations
 36807 | Vaults:2 | Received a gift from Trog
 36907 | Vaults:2 | Found Xicul's Antique Armour Shop.
 37247 | Vaults:2 | Reached skill level 10 in Evocations
 37574 | Vaults:2 | Reached skill level 11 in Evocations
 37634 | Vaults:2 | Received a gift from Trog
 37797 | Vaults:2 | Reached skill level 12 in Evocations
 37961 | Vaults:2 | Found a staircase to the Crypt.
 37961 | Vaults:2 | Found a basalt altar of Yredelemnul.
 37961 | Vaults:2 | Found an ancient bone altar of Kikubaaqudgha.
 38425 | Vaults:2 | Received a gift from Trog
 38425 | Vaults:2 | Reached skill level 13 in Evocations
 38439 | Vaults:2 | Reached XP level 22. HP: 192/192 MP: 31/31
 38544 | Vaults:2 | Received a gift from Trog
 38893 | Vaults:3 | Reached skill level 16 in Fighting
 38906 | Vaults:3 | Found Tamnayt's Gadget Shop.
 38989 | Vaults:3 | Found a roughly hewn altar of Beogh.
 39027 | Vaults:3 | Received a gift from Trog
 39174 | Vaults:3 | Found Sytilyop's Food Emporium.
 39241 | Vaults:3 | Reached skill level 17 in Fighting
 39243 | Vaults:3 | Found Gank's Book Shop.
 39272 | Vaults:3 | Received a gift from Trog
 39531 | Vaults:3 | Found Yvvybac's Jewellery Shoppe.
 39535 | Vaults:3 | Bought the ring of Sabyph {rCorr Dex+3} for 599 gold pieces
 40110 | Vaults:4 | Reached skill level 18 in Fighting
 40284 | Vaults:4 | Received a gift from Trog
 40605 | Vaults:4 | Reached skill level 19 in Fighting
 40690 | Vaults:4 | Reached XP level 23. HP: 171/213 MP: 33/33
 40896 | Vaults:4 | Reached skill level 20 in Fighting
 40909 | Vaults:4 | Received a gift from Trog
 41694 | Vaults:5 | Entered Level 5 of the Vaults
 41700 | Vaults:5 | Reached skill level 21 in Fighting
 41726 | Vaults:5 | Received a gift from Trog
 41781 | Vaults:5 | HP: 20/222 [stone giant (34)]
 41781 | Vaults:5 | HP: 8/222 [vault warden/war axe of chopping (12)]
 41782 | Vaults:5 | HP: 3/222 [vault warden/war axe of chopping (20)]
 41782 | Vaults:5 | Slain by a vault warden

Vanquished Creatures
  Saint Roka (Snake:2)
  Vashnia (Snake:2)
  Nikola (Snake:1)
  Jorgrun (Snake:2)
  A tentacled monstrosity (Vaults:4)
  A lich (Vaults:4)
  A quicksilver dragon (Vaults:5)
  Asterion (Vaults:2)
  2 titans (Vaults:5)
  The ghost of Djon the Axe Maniac, an adept HOFi of Beogh (Shoals:2)
  3 deep elf blademasters
  2 deep elf master archers (Elf:3)
  2 sphinxes
  Agnes (Elf:1)
  Gastronok (Lair:2)
  A shadow dragon (Vaults:5)
  7 nagarajas (Snake:4)
  2 storm dragons (Vaults:4)
  10 vault wardens
  6 deep elf sorcerers
  3 fire giants
  3 frost giants (Vaults:4)
  An orc warlord (Vaults:3)
  4 deep elf elementalists
  19 ironheart preservers
  5 very ugly things
  An entropy weaver (Vaults:2)
  A war gargoyle (Vaults:3)
  6 deep elf demonologists
  5 stone giants
  The ghost of beep the Bewitcher, a journeyman SpEn of Dithmenos (D:13)
  9 deep elf annihilators
  Snorg (Lair:6)
  7 merfolk javelineers (Shoals:4)
  6 deep elf death magi
  2 ettins
  3 fire dragons
  5 merfolk impalers
  A minotaur (shapeshifter) (Elf:2)
  3 deep elf high priests (Elf:3)
  6 great orbs of eyes
  9 yaktaur captains
  4 hydras
  14 naga warriors
  4 ice dragons
  33 vault guards
  A rakshasa (Vaults:2)
  2 merfolk avatars (Shoals:3)
  An alligator snapping turtle (Shoals:2)
  9 centaur warriors
  3 merfolk aquamancers
  2 satyrs (Shoals:2)
  18 anacondas
  24 dancing weapons
  3 death knights
  10 ogre magi
  A deep troll earth mage (Vaults:4)
  Urug (Lair:2)
  4 orc high priests
  20 naga sharpshooters
  Sonja (Lair:2)
  Nergalle (D:12)
  26 deep elf knights
  A small abomination (Elf:3)
  10 shock serpents
  A salamander mystic (Snake:4)
  5 shadow wraiths
  A fire crab (shapeshifter) (D:14)
  11 skeletal warriors
  18 sea snakes
  A sea snake (shapeshifter) (D:14)
  An unseen horror (D:15)
  2 flayed ghosts (Vaults:3)
  3 glowing orange brains
  12 deep trolls
  3 wizards
  A deep troll (shapeshifter) (Vaults:1)
  8 naga ritualists
  16 deep elf archers
  16 ironbrand convokers
  A necromancer (Vaults:3)
  18 orc knights
  A lindwurm (Lair:6)
  16 harpies
  3 phantasmal warriors (D:15)
  An oklob plant (Orc:2)
  3 hill giants
  An orb spider (shapeshifter) (D:14)
  A harpy (shapeshifter) (Vaults:3)
  2 orc sorcerers
  33 ugly things
  10 cyclopes
  A salamander (shapeshifter) (Vaults:2)
  19 fauns
  8 salamanders
  11 mana vipers
  14 elephants
  4 wolf spiders
  29 slime creatures
  71 deep elf magi
  13 manticores
  17 naga magi
  7 sirens
  19 vault sentinels
  A black mamba (shapeshifter) (Vaults:3)
  6 guardian serpents
  41 black mambas
  The ghost of scalarboson the Poker, a novice MiFi of Yredelemnul (D:6)
  5 water nymphs
  A gargoyle (D:15)
  2 ice statues (IceCv)
  15 spiny frogs
  A spiny frog (shapeshifter) (Vaults:4)
  5 rime drakes
  27 yaktaurs
  5 komodo dragons
  3 kobold demonologists (D:10)
  8 freezing wraiths
  2 ice devils (Lair:3)
  11 polar bears
  8 trolls
  30 merfolk
  A polar bear (shapeshifter) (D:15)
  3 hornets
  19 two-headed ogres
  24 blink frogs
  13 hippogriffs
  10 dream sheep
  8 snapping turtles
  11 spriggans (Lair:6)
  2 air elementals (Elf:2)
  4 redbacks
  13 water elementals
  A tarantella (shapeshifter) (Vaults:3)
  19 yaks
  2 basilisks
  A fire bat (shapeshifter) (D:15)
  4 wraiths
  5 wyverns
  2 fire elementals (Elf:2)
  10 wargs
  46 nagas
  4 mottled dragons
  Grum (D:8)
  8 hungry ghosts
  3 vampire mosquitoes (D:15)
  3 soldier ants
  A hell hound (shapeshifter) (D:15)
  6 porcupines
  14 water moccasins
  10 black bears
  A black bear (shapeshifter) (Vaults:1)
  6 sky beasts
  2 ettin simulacra
  15 ice beasts
  2 phantoms
  31 orc warriors
  15 wolves
  10 boggarts
  48 ogres
  9 crocodiles
  25 centaurs
  4 big kobolds
  18 bullfrogs
  3 gnoll sergeants
  2 earth elementals
  10 scorpions
  A water moccasin skeleton (D:7)
  4 troll zombies (D:12)
  17 killer bees
  2 howler monkeys
  10 crimson imps
  3 bullfrog zombies
  3 centaur zombies
  A jelly (D:5)
  2 human simulacra
  20 orc priests
  11 hounds
  5 bullfrog skeletons
  5 centaur skeletons
  A gnoll shaman (D:6)
  4 iguanas
  19 orc wizards
  5 hell rats (Lair:4)
  14 worker ants
  4 ogre zombies (D:12)
  A hound skeleton (D:5)
  A worker ant zombie (D:8)
  11 gnolls
  17 adders
  2 shadow imps
  An adder zombie (D:9)
  3 worms
  A leopard gecko (shapeshifter) (D:15)
  7 leopard geckos
  92 orcs
  15 giant cockroaches
  10 goblins
  14 hobgoblins
  7 jackals
  8 quokkas
  5 ball pythons
  6 bats
  2 frilled lizards
  2 goblin skeletons (D:12)
  A goblin zombie (D:12)
  A hobgoblin zombie (D:12)
  A jackal skeleton (D:5)
  22 kobolds
  3 orc skeletons (D:12)
  18 orc zombies (D:12)
  7 rats
  A bush (D:8)
  4 crawling corpses (Elf:3)
  A demonic plant (D:10)
  3 fungi
  15 plants
1776 creatures vanquished.

Vanquished Creatures (collateral kills)
  2 orc knights (Vaults:3)
  3 orc warriors (Vaults:3)
  An ogre (Vaults:3)
  3 orc priests (Vaults:3)
  An orc wizard (Vaults:3)
  A demonic plant (D:10)
11 creatures vanquished.

Vanquished Creatures (others)
  A deep elf knight (Elf:2)
  An orc warrior (Vaults:4)
  13 fungi
  26 plants
41 creatures vanquished.

Grand Total: 1828 creatures vanquished
